 Dungeon Crawl Stone Soup version 0.31-a0-1388-g4b2ba238e7 (webtiles) character file.

Game seed: 9270115003657007428

80 thriggle the Spear-Bearer (level 4, -1/32 HPs)
             Began as a Gnoll Wanderer on Dec 24, 2023.
             Was a Plaything of Xom.
             Killed by nerve-wracking pain
             ... invoked by Grinder
              (11 damage)
             ... on level 3 of the Dungeon.
             The game lasted 00:07:30 (1297 turns).

thriggle the Spear-Bearer (Gnoll Wanderer)          Turns: 1297, Time: 00:07:32

Health: -1/32      AC:  4    Str: 16    XL:     4   Next: 39%
Magic:  7/8        EV: 12    Int: 11    God:    Xom [..*...]
Gold:   131        SH:  4    Dex: 11    Spells: 7/9 levels left

rFire   . . .        a - +0 trident
rCold   . . .        c - +0 buckler
rNeg    . . .        q - +1 robe "Ycufae Seneff" {Will+ Int+2}
rPois   .            (no helmet)
rElec   .            h - +0 cloak
rCorr   .            (no gloves)
SInv    .            (no boots)
Will    +....        (no amulet)
Stlth   ++           (no ring)
HPRegen 0.25/turn    (no ring)
MPRegen 0.11/turn

%: no passive effects
@: brilliant
A: fangs 1, strong nose, distributed training
a: Renounce Religion


You were on level 3 of the Dungeon.
You worshipped Xom.
You were a toy of Xom.
You visited 1 branch of the dungeon, and saw 3 of its levels.

You collected 131 gold pieces.

Inventory:

Hand Weapons
 a - a +0 trident (weapon)
 b - a +0 hand axe
 g - a +1 antimagic whip
 v - a +2 dagger of venom
Missiles
 j - 9 javelins
 n - 8 stones
 r - 5 atropa-tipped darts
 w - a throwing net
Armour
 c - a +0 buckler (worn)
 e - a +0 leather armour
 h - a +0 cloak (worn)
 q - the +1 robe "Ycufae Seneff" (worn) {Will+ Int+2}
   (You found it on level 2 of the Dungeon)

   Int+2:     It affects your intelligence (+2).
   Will+:     It increases your willpower.
 s - a +0 leather armour of willpower
Scrolls
 f - 2 scrolls of teleportation {unknown}
 k - a scroll of identify {unknown}
 m - a scroll of torment {unknown}
 p - a scroll of amnesia {unknown}
 t - a scroll of immolation {unknown}
Potions
 d - 2 potions of brilliance
 i - a potion of lignification {unknown}
 l - 2 potions of curing
 o - 2 potions of berserk rage {unknown}
 u - a potion of attraction {unknown}


   Skills:
 + Level 1.2 Fighting
 + Level 1.2 Short Blades
 + Level 1.2 Long Blades
 + Level 4.6 Axes
 + Level 1.2 Maces & Flails
 + Level 8.6 Polearms
 + Level 1.2 Staves
 + Level 1.2 Ranged Weapons
 + Level 2.8 Throwing
 + Level 1.2 Armour
 + Level 2.8 Dodging
 + Level 1.2 Stealth
 + Level 2.8 Shields
 + Level 1.2 Unarmed Combat
 + Level 3.0 Spellcasting
 + Level 1.0 Conjurations
 + Level 1.0 Hexes
 + Level 1.0 Summonings
 + Level 1.0 Necromancy
 + Level 1.0 Translocations
 + Level 1.0 Fire Magic
 + Level 1.0 Ice Magic
 + Level 1.0 Air Magic
 + Level 1.0 Earth Magic
 + Level 1.0 Alchemy
 + Level 1.3 Invocations
 + Level 1.2 Evocations
 + Level 1.1 Shapeshifting


You had 7 spell levels left.
You knew the following spells:

 Your Spells              Type           Power      Damage    Failure   Level
a - Mercury Vapours       Alch/Air       10%        N/A       32%         2

Your spell library contained the following spells:

 Spells                   Type           Power      Damage    Failure   Level
 Mephitic Cloud           Conj/Alch/Air  5%         N/A       54%         3
 Freezing Cloud           Conj/Ice/Air   2%         6-21      99%         5


Dungeon Overview and Level Annotations

Branches:
Dungeon (3/15)

Altars:
Xom

Shops:
D:1 (:   D:2 *

Annotations:
D:3 Grinder


Innate Abilities, Weirdness & Mutations

You have very sharp teeth.
Your uncanny sense of smell can sniff out nearby items.
Your experience applies equally to all skills.


Message History

Grinder is lightly wounded.
Grinder gestures at you. Pain shoots through your body!
Reach: a) +0 trident
Press: ? - help, Dir - move target, f/p - Grinder
Aim: Grinder (lightly wounded, about 45% to evade your +0 trident)
You reach to attack!
You hit Grinder.
Grinder is lightly wounded.
Your magical contamination has completely faded away.
You hit Grinder.
Grinder is lightly wounded.
Grinder hits you.
You barely miss Grinder.
Grinder is lightly wounded.
Grinder misses you.
You hit Grinder. You bite Grinder.
Grinder is moderately wounded.
Grinder says, "You look like you could use a good racking."
Grinder hits you.
You closely miss Grinder.
Grinder is moderately wounded.
You barely miss Grinder.
Grinder is moderately wounded.
Grinder closely misses you.
You barely miss Grinder. Your bite misses Grinder.
Grinder is moderately wounded.
You hear Xom's avuncular chuckle.
Grinder seems to slow down.
Grinder is no longer moving slowly.
Grinder hits you.
You writhe in agony.
* * * LOW HITPOINT WARNING * * *
Okay, then.
You feel clever all of a sudden. Grinder barely misses you.
You barely miss Grinder.
Grinder is moderately wounded.
Grinder gestures at you. Pain shoots through your body!
You die...
Grinder says, "Hey, I wasn't done torturing you yet!"
Xom cackles wildly!

.#.# #...§. .#.# .∆
#....#### .#.# ..
#.......####.# ..<#
#.#............. ##.#
..J.............. ...#
#.............. ####
#.............. #
#####....##.... ..
#..@5...(##..# #...
##.##........## ...... ∆
...............# ......
................# ...###
############'##..# ...
..............#..# ...#.....
..............'..# .........
.......†......#..#
.......############'##..#..#


You could see Grinder.

Vanquished Creatures
  Natasha (D:3)
  2 adders (D:3)
  A worm (D:2)
  2 dart slugs (D:2)
  An orc (D:3)
  2 ball pythons (D:3)
  3 endoplasms
  A giant cockroach (D:2)
  5 goblins
  2 hobgoblins
  6 kobolds
  A quokka (D:1)
  2 bats (D:2)
  A frilled lizard (D:2)
  A rat (D:1)
31 creatures vanquished.

Notes
Turn   | Place    | Note
-------+----------+-------------------------------------------
     0 | D:1      | thriggle the Gnoll Wanderer began the quest for the Orb.
     0 | D:1      | thriggle set off with the following items: a +0 trident, a
                  | +0 hand axe, a +0 buckler, a potion of brilliance, a +0
                  | leather armour.
     0 | D:1      | Reached XP level 1. HP: 13/13 MP: 4/4
     3 | D:1      | Found a faded altar of an unknown god.
    32 | D:1      | Prayed at the altar of an unknown god.
    32 | D:1      | Became a worshipper of Xom of Chaos
    66 | D:1      | XOM: potion effect (curing)
   136 | D:1      | Found Pexizeg's Weapon Emporium.
   136 | D:1      | Noticed a +0 great mace
   148 | D:1      | Noticed a +0 giant club
   290 | D:1      | Found Ebleam's Book Emporium.
   369 | D:2      | Found Zun Name's Assorted Antiques.
   371 | D:2      | XOM: confuse monster(s)
   372 | D:2      | Reached XP level 2. HP: 19/19 MP: 5/5
   454 | D:2      | Identified the +1 robe "Ycufae Seneff" {Will+ Int+2}
   494 | D:2      | Learned a level 2 spell: Mercury Vapours
   596 | D:2      | Reached XP level 3. HP: 24/25 MP: 7/7
   701 | D:2      | XOM: cloud trail
   729 | D:2      | XOM: noise
   984 | D:3      | Reached skill level 1 in Invocations
   999 | D:3      | Noticed Natasha
  1016 | D:3      | Killed Natasha
  1017 | D:3      | Reached skill level 1 in Fighting
  1017 | D:3      | Reached skill level 1 in Short Blades
  1017 | D:3      | Reached skill level 1 in Long Blades
  1017 | D:3      | Reached skill level 1 in Maces & Flails
  1017 | D:3      | Reached skill level 1 in Staves
  1017 | D:3      | Reached skill level 1 in Ranged Weapons
  1017 | D:3      | Reached skill level 1 in Armour
  1017 | D:3      | Reached skill level 1 in Stealth
  1017 | D:3      | Reached skill level 1 in Unarmed Combat
  1017 | D:3      | Reached skill level 1 in Evocations
  1017 | D:3      | Reached skill level 1 in Shapeshifting
  1017 | D:3      | Reached XP level 4. HP: 21/32 MP: 8/8
  1072 | D:3      | XOM: enchant monster (bad)
  1169 | D:3      | Reached skill level 1 in Conjurations
  1169 | D:3      | Reached skill level 1 in Hexes
  1169 | D:3      | Reached skill level 1 in Summonings
  1169 | D:3      | Reached skill level 1 in Necromancy
  1169 | D:3      | Reached skill level 1 in Translocations
  1169 | D:3      | Reached skill level 1 in Fire Magic
  1169 | D:3      | Reached skill level 1 in Ice Magic
  1169 | D:3      | Reached skill level 1 in Air Magic
  1169 | D:3      | Reached skill level 1 in Earth Magic
  1169 | D:3      | Reached skill level 1 in Alchemy
  1277 | D:3      | Noticed Grinder
  1295 | D:3      | XOM: enchant monster (good)
  1297 | D:3      | Killed from afar by Grinder

Illustrated notes

Levels and vault maps discovered:
D:1:      dpeg_arrival_windows_large_door, layout_rooms, serial_shops, shop,
          nicolae_shop_mannequins, dreamdust_ecumenical_altar_grove
D:2:      layout_rooms, serial_shops, shop
D:3:      layout_basic, uniq_grinder, uniq_natasha

Skill      XL: |  1  2  3  4 |
---------------+-------------+-----
Invocations    | 1 |  1.3
Fighting       | 1 |  1.2
Short Blades   | 1 |  1.2
Long Blades    | 1 |  1.2
Maces & Flails | 1 |  1.2
Staves         | 1 |  1.2
Ranged Weapons | 1 |  1.2
Armour         | 1 |  1.2
Stealth        | 1 |  1.2
Unarmed Combat | 1 |  1.2
Spellcasting   | 3 |  3.0
Evocations     | 1 |  1.2
Shapeshifting  | 1 |  1.1
Conjurations   | 1 |  1.0
Hexes          | 1 |  1.0
Summonings     | 1 |  1.0
Necromancy     | 1 |  1.0
Translocations | 1 |  1.0
Fire Magic     | 1 |  1.0
Ice Magic      | 1 |  1.0
Air Magic      | 1 |  1.0
Earth Magic    | 1 |  1.0
Alchemy        | 1 |  1.0
Axes           | |  4.6
Polearms       | |  8.6
Throwing       | |  2.8
Dodging        | |  2.8
Shields        | |  2.8

Action                     |  1- 3 |  4- 6 || total
---------------------------+-------+-------++-------
  Melee: Trident           |    82 |    39 ||   121
         Bite              |     2 |     5 ||     7
  Throw: Javelin           |       |     1 ||     1
    Use: Potion            |     1 |     1 ||     2
   Stab: Sleeping          |     2 |       ||     2
 Armour: Leather armour    |     8 |       ||     8
         Robe              |    16 |    11 ||    27
  Dodge: Dodged            |    24 |    15 ||    39
  Block: Buckler           |    12 |     3 ||    15

Table legend: (Time is in decaauts)
 A = Elapsed time spent in this place.
 B = Non-inter-level travel time spent in this place.
 C = Inter-level travel time spent in this place.
 D = Time resting spent in this place.
 E = Time spent auto-exploring this place.
 F = Levels seen in this place.
 G = Mean time per level.
                   A        B        C        D        E       F      G
               +--------+--------+--------+--------+--------+-----+--------+
         Total |   1295 |   1263 |     32 |     35 |    553 |   3 |  431.7 |
       Dungeon |   1295 |   1263 |     32 |     35 |    553 |   3 |  431.7 |
               +--------+--------+--------+--------+--------+-----+--------+

Top non-repeatable levels by time:
     D:2: 546 daAuts
     D:3: 381 daAuts
     D:1: 367 daAuts
